 Dungeon Sprint DCSS version 0.23.2-1-ga50397a (webtiles) character file.

Game seed: 16337393273668171063

61 wilfster70 the Digger (level 4, 0/24 HPs)
             Began as a Gargoyle Earth Elementalist on May 23, 2019.
             Slain by a sky beast (2 damage)
             ... in the Dungeon (Sprint IX: "|||||||||||||||||||||||||||||").
             The game lasted 00:01:10 (191 turns).

wilfster70 the Digger (Gargoyle Earth Elementalist)  Turns: 191, Time: 00:01:10

Health: 0/24       AC:  5    Str: 12    XL:     4   Next: 7%
Magic:  1/9        EV: 13    Int: 16    God:
Gold:   0          SH:  0    Dex: 10    Spells: 9/10 levels left

rFire    . . .     SeeInvis .   a - +0 dagger
rCold    . . .     Gourm    .   (no shield)
rNeg     + . .     Faith    .   c - +0 robe
rPois    ∞         Spirit   .   (no helmet)
rElec    +         Reflect  .   (no cloak)
rCorr    .         Harm     .   (no gloves)
MR       .....     NoTele   +   (no boots)
Stlth    ++........             (no amulet)
HPRegen  0.08/turn              (no ring)
MPRegen  0.11/turn              (no ring)

@: berserk cooldown
A: negative energy resistance 1, electricity resistance, unbreathing,
petrification resistance, rot immunity, AC +3
a: no special abilities


You were in the Dungeon.
You were not hungry.

You visited 1 branch

Inventory:

Hand Weapons
 a - a +0 dagger (weapon)
Missiles
 b - 21 stones (quivered)
Armour
 c - a +0 robe (worn)
Scrolls
 j - a scroll of blinking
Potions
 e - a potion of curing
 g - a potion of haste
 h - 2 potions of magic
Comestibles
 d - a ration
 k - a chunk of flesh


   Skills:
 + Level 3.4 Armour
 + Level 3.4 Dodging
 - Level 2.8 Stealth
 + Level 3.9 Spellcasting
   Level 0.7 Transmutations
 + Level 5.8 Earth Magic


You had 9 spell levels left.
You knew the following spells:

 Your Spells              Type           Power        Failure   Level  Hunger
a - Sandblast             Erth           ###...       1%          1    None

Your spell library contained the following spells:

 Spells                   Type           Power        Failure   Level  Hunger
 Passwall                 Tmut/Erth      ##......     7%          2    ##.....
 Stone Arrow              Conj/Erth      ##....       16%         3    ###....
 Petrify                  Tmut/Erth      ##......     41%         4    ####...
 Lee's Rapid Deconstruct  Erth           ###.......   41%         5    ######.


Dungeon Overview and Level Annotations

Branches:
Dungeon (1/1)

Altars:


Innate Abilities, Weirdness & Mutations

You are resistant to torment.
Your stone body is resilient. (AC +3)
You are immune to poison.
You resist negative energy. (rN+)
You are resistant to electric shocks. (rElec)
You can survive without breathing.
You are immune to petrification.
You are immune to rotting.


Message History

* * * LOW HITPOINT WARNING * * *
You closely miss the sky beast.
The sky beast is heavily wounded.
The sky beast hits you but does no damage.
You completely miss the sky beast.
The sky beast is heavily wounded.
The sky beast hits you but does no damage.
You hit the sky beast.
The sky beast is heavily wounded.
The sky beast closely misses you.
You closely miss the sky beast.
The sky beast is heavily wounded.
The sky beast closely misses you.
You hit the sky beast.
The sky beast is heavily wounded.
The sky beast flickers out of sight!
Deactivating autopickup; reactivate with Ctrl-A.
Something hits you but does no damage.
You closely miss something. Something hits you.
You die...

▓.▓
▓.▓
▓.▓
▓÷▓
▓.▓
▓†▓
▓.▓
▓{▓
▓@▓
▓<▓
▓▓▓


There were no monsters in sight!

Vanquished Creatures
  A gnoll shaman (D)
  A worker ant (D)
  A leopard gecko (D)
  A bat skeleton (D)
  A bat (D)
  A frilled lizard (D)
  2 goblins (D)
  A rat (D)
9 creatures vanquished.

Notes
Turn   | Place    | Note
-------+----------+-------------------------------------------
     0 | D        | wilfster70 the Gargoyle Earth Elementalist began the quest
                  | for the Orb.
     0 | D        | Reached XP level 1. HP: 10/10 MP: 3/3
    26 | D        | Reached skill level 4 in Earth Magic
   137 | D        | Noticed a sky beast
   137 | D        | Noticed a gnoll shaman
   137 | D        | Noticed a worker ant
   145 | D        | Killed a worker ant
   145 | D        | Reached skill level 5 in Earth Magic
   145 | D        | Reached XP level 2. HP: 13/15 MP: 4/6
   145 | D        | Reached XP level 3. HP: 17/19 MP: 4/7
   160 | D        | Reached XP level 4. HP: 7/24 MP: 3/9
   191 | D        | Slain by a sky beast

Skill      XL: |  1  2  3 |
---------------+----------+-----
Dodging        | 2 3 |  3.4
Earth Magic    | 5 |  5.8
Armour         | 2 3 |  3.4
Spellcasting   | 3 |  3.9
Stealth        | |  2.8
Transmutations | |  0.7

Action                   |  1- 3 |  4- 6 || total
-------------------------+-------+-------++-------
Melee: Unarmed           |    28 |       ||    28
       Dagger            |    15 |    13 ||    28
 Cast: Sandblast         |     1 |     8 ||     9
  Use: Potion            |     1 |     1 ||     2
Armor: Robe              |    11 |    11 ||    22
Dodge: Dodged            |    30 |    11 ||    41
